 Seeded DCSS version 0.30.1-4-g462c640d31 (webtiles) character file.

Game seed: 6351066067085065685 (custom seed)

13 Esekla the Grave Robber (level 2, 0/15 HPs)
             Began as a Deep Elf Necromancer on Sept 4, 2023.
             Was an Initiate of Vehumet.
             Slain by an orc
             ... wielding a +0 hand axe
              (5 damage)
             ... on level 4 of the Dungeon.
             The game lasted 00:05:51 (901 turns).

Esekla the Grave Robber (Deep Elf Necromancer)       Turns: 901, Time: 00:05:52

Health: 0/15       AC:  4    Str:  5    XL:     2   Next: 24%
Magic:  8/8        EV: 12    Int: 19    God:    Vehumet [......]
Gold:   85         SH:  0    Dex: 15    Spells: 6/7 levels left

rFire   . . .        c - +1 short sword (freeze)
rCold   . . .        (no shield)
rNeg    . . .        a - +0 robe
rPois   .            g - +0 helmet
rElec   .            (no cloak)
rCorr   .            j - +0 pair of gloves
SInv    .            (no boots)
Will    .....        (no amulet)
Stlth   ++           (no ring)
HPRegen 0.22/turn    (no ring)
MPRegen 0.11/turn

%: no passive effects
@: no status effects
A: no striking features
a: Renounce Religion


You were on level 4 of the Dungeon.
You worshipped Vehumet.
Vehumet was noncommittal.
You visited 1 branch of the dungeon, and saw 4 of its levels.

You collected 85 gold pieces.

Inventory:

Hand Weapons
 c - a +1 short sword of freezing (weapon)
Armour
 a - a +0 robe (worn)
 g - a +0 helmet (worn)
 j - a +0 pair of gloves (worn)
Scrolls
 f - a scroll of identify {unknown}
 k - a scroll of amnesia {unknown}
 l - 2 scrolls of enchant weapon {unknown}
Potions
 b - a potion of magic
 d - a potion of ambrosia {unknown}
 e - 2 potions of attraction {unknown}
 h - a potion of mutation {unknown}
 i - a potion of curing {unknown}


   Skills:
 * Level 2.5 Dodging
 + Level 2.7 Stealth
 * Level 3.3 Spellcasting
 + Level 5.1 Necromancy


You had 6 spell levels left.
You knew the following spells:

 Your Spells              Type           Power      Damage    Failure   Level
a - Necrotise             Necr           88%        1d8       1%          1

Your spell library contained the following spells:

 Spells                   Type           Power      Damage    Failure   Level
 Vampiric Draining        Necr           22%        2d7       5%          3
 Animate Dead             Necr           22%        N/A       17%         4
 Agony                    Necr           22%        N/A       43%         5


Dungeon Overview and Level Annotations

Branches:
Dungeon (4/15)
 Temple: D:4-7

Altars:
Okawaru
Vehumet
Zin
The Shining One

Shops:
D:4 (


Message History

An orc comes into view. It is wielding a +0 dagger.
There is an open door here.
The orc shouts!
You hear a shout!
The orc hits you from afar with a +0 trident.
A gnoll comes into view. It is wielding a +0 spear.
The orc shouts!
You hear a shout!
There is an open door here.
The orc shouts!
You hear a shout!
There is an open door here.
There is an open door here.
You start resting.
An orc is nearby!
You hit the orc. You freeze the orc.
The orc is almost dead.
The orc barely misses you.
You hit the orc. You freeze the orc.
You kill the orc!
Vehumet accepts your kill.
You hit the orc. You freeze the orc.
The orc is moderately wounded.
You closely miss the orc.
The orc is moderately wounded.
The orc hits you with a +0 hand axe.
You aren't carrying any items that you can evoke.
You barely miss the orc.
The orc is moderately wounded.
The orc hits you with a +0 hand axe. The orc barely misses you.
You hit the orc but do no damage.
The orc is moderately wounded.
The orc hits you but does no damage. The orc completely misses you.
You hit the orc but do no damage.
The orc is moderately wounded.
The orc hits you with a +0 hand axe. The orc completely misses you.
You closely miss the orc.
The orc is moderately wounded.
The orc hits you with a +0 hand axe. The orc hits you but does no damage.
You hit the orc. You freeze the orc.
The orc is heavily wounded.
The orc hits you with a +0 hand axe.
You die...

.g..........##.............
..........................#
.......................... ...
####.........#####...........
...##.........#.'#.#.#'....##....
..............###..#..##...##....
..............##.._#_..#....#....
..............##########....+....
..............##@o_#_..#....#....
.......####'#####o.#..##.........
.............o'o'#.#.#'..#......#
............###..#####...#.......
............###..........#.......
..........#.##................#..
......#####.##..........##....#.#
.........##.............##....#.#
.####....##......................


You could see 2 orcs.

Vanquished Creatures
  An orc (D:4)
  A ball python (D:1)
  An endoplasm (D:3)
  A goblin (D:3)
  A hobgoblin (D:3)
  2 bats (D:3)
  A frilled lizard (D:3)
  4 kobolds
12 creatures vanquished.

Notes
Turn   | Place    | Note
-------+----------+-------------------------------------------
     0 | D:1      | Esekla the Deep Elf Necromancer began the quest for the
                  | Orb.
     0 | D:1      | Reached XP level 1. HP: 10/10 MP: 6/6
   279 | D:4      | Found an iron altar of Okawaru.
   291 | D:4      | Found a glowing silver altar of Zin.
   367 | D:4      | Found a radiant altar of Vehumet.
   392 | D:4      | Found a glowing golden altar of the Shining One.
   412 | D:4      | Became a worshipper of Vehumet
   531 | D:3      | Reached skill level 5 in Necromancy
   577 | D:3      | Reached XP level 2. HP: 15/15 MP: 8/8
   728 | D:4      | Found Ponaysk's Antique Weapon Boutique.
   901 | D:4      | Slain by an orc

Illustrated notes

Levels and vault maps discovered:
D:1:      sevenhm_arrival_forest_fort_small_3, layout_rooms,
          chequers_serial_rivers_room_b, minmay_misc_feat_five
D:2:      layout_loops_ring, dreamdust_ecumenical_altar_angels_and_demons,
          serial_shops, shop
D:3:      layout_basic, grunt_temple_overflow_open, minmay_misc_feat_iff
D:4:      layout_basic, nicolae_overflow_quartered_altars, serial_shops,
          nicolae_diamond_shop

Skill      XL: |  1 |
---------------+----+-----
Necromancy     | 5 |  5.1
Dodging        | |  2.5
Stealth        | |  2.7
Spellcasting   | |  3.3

Action                     || total
---------------------------++-------
  Melee: Short sword       ||    38
         Unarmed           ||     9
    Use: Scroll            ||     1
   Stab: Sleeping          ||     1
 Armour: Robe              ||    19
  Dodge: Dodged            ||    48
